AoeStats
← propz

MegaRandom

510523279Analyzed
2v2 RM · 2d ago on Oct 1, 2026· 20m 53s· 4 players
Game mode
Random Map
Map size
Medium (4 player)
Population
200
Speed
Normal
Resources
Standard
Victory
Conquest
Starting age
Dark Age
Ending age
Imperial Age
RankedLock teamsTeams togetherTeam positionsShared explorationLock speedFull tech treeHidden civsTurbo modeCheats
Victory
Defeat
🇩🇰 Danes · Denmark
1064
+16
🇩🇪 Lithuanians · Germany
1054
+16
🇭🇰 Khmer · Hong Kong SAR China
1074
-17
🇭🇰 Goths · Hong Kong SAR China
1044
-15
fede
2:00 Loom
12:03 Feudal Age
14:37 Forging
14:28 Scale Mail Armor
14:37 Scale Barding Armor
17:40 Castle Age
16:41 Wheelbarrow
18:41 Hand Cart
19:58 Fletching
20:29 Chain Barding Armor
propz
0:59 Loom
9:47 Feudal Age
11:11 Wheelbarrow
12:06 Horse Collar
12:14 Double-Bit Axe
13:58 Arson
13:34 Man-at-Arms
18:42 Forging
18:32 Scale Mail Armor
18:38 Fletching
ROnaLD_G4
4:57 Loom
10:33 Feudal Age
11:09 Double-Bit Axe
12:38 Wheelbarrow
13:31 Horse Collar
14:54 Bloodlines
16:03 Scale Barding Armor
16:08 Forging
21:31 Castle Age
19:50 Fletching
joycebb96
4:45 Loom
13:18 Feudal Age
17:29 Castle Age
18:12 Pikeman
Connection lost

Rejoining the realm…

Still unreachable

The connection could not be restored.

Session expired

The server has moved on; the page needs a fresh start.